 Dungeon Crawl Stone Soup version 0.28-a0-793-g31680bbd8b (webtiles) character file.

Game seed: 5043974584215030791

182991 spiderkeys the Spear-Bearer (level 18, -8/114 HPs)
             Began as a Tengu Abyssal Knight on Nov 3, 2021.
             Was the Champion of Lugonu.
             Killed from afar by an ice dragon (47 damage)
             ... with a blast of cold
             ... in an ice cave.
             The game lasted 00:53:30 (28878 turns).

spiderkeys the Spear-Bearer (Tengu Abyssal Knight) Turns: 28878, Time: 00:53:31

Health: -8/114     AC: 12    Str: 17    XL:     18   Next: 36%
Magic:  27/27      EV: 25    Int: 11    God:    Lugonu [******]
Gold:   1318       SH: 13    Dex: 19    Spells: 19/27 levels left

rFire   . . .      SeeInvis +   W - +8 demon trident (distort)
rCold   . . .      Faith    .   c - +0 kite shield of Repulsion {SInv}
rNeg    . . .      Spirit   .   k - +0 steam dragon scales
rPois   +          Reflect  .   (helmet restricted)
rElec   .          Harm     .   u - +2 cloak {rPois}
rCorr   .          Rampage  .   (no gloves)
Will    +....                   (boots unavailable)
Stlth   ++........              g - amulet of regeneration
HPRegen 1.29/turn               O - +4 ring of protection
MPRegen 0.20/turn               Y - +4 ring of slaying

@: flying quickly and evasively, quick
A: beak, talons 3, nimble flight
a: Renounce Religion, Depart the Abyss, Bend Space, Banish, Corrupt, Enter the
Abyss


You were in an ice cave.
You worshipped Lugonu.
Lugonu was exalted by your worship.
You visited 2 branches of the dungeon, and saw 21 of its levels.
You visited the Abyss 2 times.
You also visited: Bailey, Ice Cave and Volcano.

You collected 2394 gold pieces.
You spent 1076 gold pieces at shops.


Innate Abilities, Weirdness & Mutations

You have a beak for a mouth.
You have claws for feet.
Your magical nature lets you fly swiftly and evasively.


   Skills:
 + Level 13.0 Fighting
 + Level 13.9 Polearms
 - Level 2.1 Armour
 + Level 13.7 Dodging
 + Level 12.4 Shields
 - Level 5.0 Spellcasting
 - Level 7.5 Conjurations
 - Level 8.9 Air Magic
 + Level 11.7 Invocations


You had 19 spell levels left.
You knew the following spells:

 Your Spells              Type           Power      Damage    Failure   Level
m - Mephitic Cloud        Conj/Pois/Air  14%        N/A       9%          3
r - Irradiate             Conj/Tmut      5%         3d15      86%         5

Your spell library contained the following spells:

 Spells                   Type           Power      Damage    Failure   Level
 Conjure Flame            Conj/Fire      11%        6-21      19%         3
 Stone Arrow              Conj/Erth      22%        3d8       19%         3
 Beastly Appendage        Tmut           4%         N/A       28%         1
 Sandblast                Erth           4%         2d4       28%         1
 Blink                    Tloc           4%         N/A       41%         2
 Ensorcelled Hibernation  Hex/Ice        4%         N/A       41%         2
 Passwall                 Tmut/Erth      1%         N/A       41%         2
 Wereblood                Tmut           2%         N/A       41%         2
 Sticky Flame             Conj/Fire      11%        2d3       52%         4
 Freezing Cloud           Conj/Ice/Air   7%         6-21      63%         5
 Ignite Poison            Fire/Tmut/Pois 2%         N/A       65%         3
 Lesser Beckoning         Tloc           2%         N/A       65%         3
 Spider Form              Tmut/Pois      2%         N/A       65%         3
 Cause Fear               Hex            1%         N/A       96%         4
 Blade Hands              Tmut           1%         N/A       100%        5
 Manifold Assault         Tloc           2%         N/A       100%        5
 Dragon Form              Tmut           1%         N/A       100%        7
 Dragon's Call            Summ           1%         N/A       100%        9

Inventory:

Hand Weapons
 W - a +8 demon trident of distortion (weapon)
   (You found it in a volcano)
Missiles
 f - 5 silver javelins
 n - 78 poisoned darts
 y - 6 atropa-tipped darts
 D - 24 boomerangs
 M - 3 curare-tipped darts {=f}
Armour
 c - the +0 kite shield of Repulsion (worn) {SInv}
   (You bought it in a shop on level 3 of the Dungeon)

   SInv:      It lets you see invisible.
 k - +0 steam dragon scales (worn)
   (You found it on level 4 of the Lair of Beasts)
 u - a +2 cloak of poison resistance (worn)
   (You bought it in a shop on level 3 of the Dungeon)
Magical Staves
 v - a staff of air {!a}
   (You found it on level 4 of the Dungeon)
Jewellery
 g - an amulet of regeneration (around neck)
   (You found it on level 6 of the Lair of Beasts)
 F - a ring of fire
   (You found it on level 9 of the Dungeon)
 O - a +4 ring of protection (left hand)
   (You found it on level 4 of the Dungeon)
 R - a ring of resist corrosion
   (You found it on level 6 of the Lair of Beasts)
 S - an amulet of reflection
   (You found it on level 3 of the Lair of Beasts)
 Y - a +4 ring of slaying (right hand)
   (You found it on level 6 of the Lair of Beasts)
Wands
 b - a wand of acid (10)
   (You found it on level 2 of the Lair of Beasts)
 i - a wand of paralysis (9)
   (You found it on level 7 of the Dungeon)
 j - a wand of mindburst (17)
   (You found it on level 5 of the Lair of Beasts)
 q - a wand of flame (17)
   (You found it on level 3 of the Lair of Beasts)
 J - a wand of iceblast (7)
   (You took it off Erolcha on level 9 of the Dungeon)
 U - a wand of digging (7)
   (You found it on level 2 of the Lair of Beasts)
Scrolls
 a - a scroll of blinking {!r}
 d - 6 scrolls of teleportation {@r4}
 h - 6 scrolls of amnesia
 l - 4 scrolls of fog
 m - 3 scrolls of magic mapping {!r}
 o - 3 scrolls of enchant armour
 C - a scroll of torment {!r}
 H - a scroll of immolation {!r!r}
 L - a scroll of fear
 V - 2 scrolls of vulnerability {!r!r}
 Z - 2 scrolls of holy word
Potions
 e - 3 potions of brilliance
 s - 2 potions of ambrosia
 t - 2 potions of invisibility
 w - 3 potions of cancellation
 x - 3 potions of resistance
 z - 4 potions of haste {@q3}
 A - 5 potions of lignification {!q}
 B - 10 potions of curing {@q1}
 G - 2 potions of heal wounds {@q2}
 K - 2 potions of berserk rage {!q}
 N - a potion of attraction {!q}
 Q - 3 potions of might
 T - 3 potions of mutation {!q}
Miscellaneous
 E - a box of beasts (inert)
   (You found it in a bailey)

Dungeon Overview and Level Annotations

Branches:
Dungeon (15/15) Temple (0/1) D:5 Lair (6/6) D:9 Shoals (0/4) Lair:4 Snake (0/4) Lair:4 Slime (0/5) Lair:6 Orc (0/2) D:10 Vaults (0/5) D:13 D:14 Depths (0/4) D:15 Bailey (visited) IceCv (1/1) Volcano (visited)

Altars:
Ashenzari
Cheibriados
Elyvilon
Fedhas
Hepliaklqana
Kikubaaqudgha
Qazlal
Vehumet
Xom
Beogh
Jiyva

Shops:
D:3 [[*[?   D:11 (!

Annotations:
D:4 2 runed translucent doors, AttackTheMoon's ghost, novice FoFi
Lair:6 exclusion: obsidian statue
Abyss:1 Joseph; Nergalle; Rupert

#### #D.##
##...##
#..#..##
##..##..#
####
#.[###..#
##..## ##ยง@#
#..## #....#
#.h## ##..#
##..... #.ยง#
#.## #......
##.## #..#
##...... #Dk#
##.###.......
#.##
#..##.....#.
##.#
##......##..
##..#
##.....##..
#..##
##...###..


You could see 2 ice dragons, a polar bear and a rime drake.


Message History

๐Ÿ˜ฎ HP[-41]
You take 41 damage, and now have 64/114 hp.
MASSIVE DAMAGE!! (PAUSE) Reach: W) +8 demon trident (distort)
Press: ? - help, Dir - move target, f - ironbound frostheart
Aim: an ironbound frostheart, wearing a +0 ring mail (heavily wounded, about 20% to evade your +8 demon trident of distortion)
You reach to attack!
You hit the ironbound frostheart.
You block the ice dragon's attack. x2; The ice dragon tramples you.
You hold your ground! ๐Ÿ˜ฎ HP[-4]
You take 4 damage, and now have 60/114 hp.
Reach: W) +8 demon trident (distort)
Press: ? - help, Dir - move target, f/p - ironbound frostheart
Aim: an ironbound frostheart, wearing a +0 ring mail (heavily wounded, about 20% to evade your +8 demon trident of distortion)
You puncture the ironbound frostheart! You claw the ironbound frostheart.
You peck the ironbound frostheart, but do no damage.
The ironbound frostheart blinks!
The ironbound frostheart calls freezing cold from the walls.
The frost grips you!!!
* * * LOW HITPOINT WARNING * * *
You are encased in ice. ๐Ÿ˜ฑ HP[-45]
You take 45 damage, and now have 15/114 hp.
MASSIVE DAMAGE!! (PAUSE) Really read
a - 2 scrolls of blinking {!r}?
Blink to where?
Press: ? - help, Dir - move target, p - ironbound frostheart
As you read the scroll of blinking {!r}, it crumbles to dust. ๐Ÿ˜ฑ HP[+2]
You regained 2 hp, and now have 17/114 hp.
You feel much better. ๐Ÿ˜จ HP[+23]
You regained 23 hp, and now have 40/114 hp.
You open the lid... ...and a larval shockox beast leaps out!
The box is emptied! ๐Ÿ˜จ HP[+1]
The ice encasing you melts away. ๐Ÿ˜จ HP[+2]
You regained 2 hp, and now have 43/114 hp. ๐Ÿ˜จ HP[+1]
Aiming: Corrosive Bolt
Press: ? - help, Shift-Dir - straight line, f - ironbound frostheart
Aim: an ironbound frostheart, wearing a +0 ring mail (severely wounded, ally target, 75% to hit)
The bolt of acid hits the ironbound frostheart.
The bolt of acid hits the ice dragon.
The acid corrodes the ice dragon!
You hear an angry hiss. ๐Ÿ˜จ HP[+1]
Okay, then.
Reach: W) +8 demon trident (distort)
Press: ? - help, Dir - move target, f/p - ironbound frostheart
Aim: an ironbound frostheart, wearing a +0 ring mail (severely wounded, ally target, about 20% to evade your +8 demon trident of distortion)
You reach to attack!
You puncture the ironbound frostheart!
The ironbound frostheart blinks! ๐Ÿ˜จ HP[+1]
You puncture the ironbound frostheart!
You kill the ironbound frostheart!
Lugonu accepts your kill.
A rime drake comes into view. ๐Ÿ˜จ HP[+1]
You feel much better. ๐Ÿ˜ฎ HP[+25]
You regained 25 hp, and now have 72/114 hp.
Reach: W) +8 demon trident (distort)
Press: ? - help, Dir - move target, f - ice dragon
Aim: an ice dragon (lightly wounded, covered in acid, about 19% to evade your +8 demon trident of distortion)
You reach to attack!
You impale the ice dragon!!
Space warps around the ice dragon.
The ice dragon breathes frost at you.
The blast of cold misses you. ๐Ÿ˜ฎ HP[+1] Reach: W) +8 demon trident (distort)
Press: ? - help, Dir - move target, f/p - ice dragon
Aim: an ice dragon (moderately wounded, covered in acid, ally target, about 19% to evade your +8 demon trident of distortion)
You reach to attack!
You puncture the ice dragon!
Space warps around the ice dragon.
The ice dragon barely misses your larval shockox beast.
The ice dragon claws your larval shockox beast!
The ice dragon tramples your larval shockox beast but does no damage.
The ice dragon breathes frost at you.
The blast of cold hits the polar bear!
The polar bear resists.
The blast of cold hits your larval shockox beast!
Your larval shockox beast resists.
Your larval shockox beast dies!
Your larval shockox beast's corpse disappears in a puff of smoke!
The blast of cold hits you!!!
* * * LOW HITPOINT WARNING * * *
๐Ÿ˜จ HP[-36]
You take 36 damage, and now have 37/114 hp.
MASSIVE DAMAGE!! (PAUSE) Reach: W) +8 demon trident (distort)
Press: ? - help, Dir - move target, f/p - ice dragon
Aim: an ice dragon (heavily wounded, covered in acid, about 19% to evade your +8 demon trident of distortion)
You reach to attack!
You puncture the ice dragon!
The ice dragon blinks! ๐Ÿ˜จ HP[+1]
You impale the ice dragon!! Your kick misses the ice dragon.
You peck the ice dragon!
The ice dragon blinks!
The ice dragon breathes frost at you. The blast of cold hits you!!!
You die...

Skill      XL: |  1  2  3  4  5  6  7  8  9 10 11 12 13 14 15 16 17 18 |
---------------+-------------------------------------------------------+-----
Invocations    | 2 3 4 5 7 8 9 10 11 | 11.7
Dodging        | 2 3 4 5 6 8 9 10 11 12 13 | 13.7
Polearms       | 3 4 6 7 8 9 10 11 12 13 | 13.9
Shields        | 1 2 3 4 5 7 8 9 10 11 12 | 12.4
Fighting       | 4 5 7 8 9 10 11 12 13 | 13.0
Air Magic      | 8 |  8.9
Spellcasting   | 5 |  5.0
Conjurations   | 7 |  7.5
Armour         | |  2.1

Action                   |  1- 3 |  4- 6 |  7- 9 | 10-12 | 13-15 | 16-18 || total
-------------------------+-------+-------+-------+-------+-------+-------++-------
Melee: Spear             |    92 |   112 |   202 |       |       |       ||   406
       Kick              |    28 |    41 |   131 |   180 |   339 |    97 ||   816
       Peck              |     7 |    26 |    81 |   108 |   193 |    67 ||   482
       Trident           |       |       |   105 |   313 |       |       ||   418
       Demon trident     |       |       |       |   157 |   868 |   281 ||  1306
Throw: Dart              |       |     7 |    11 |     7 |     6 |     1 ||    32
Invok: Depart the Abyss  |     1 |       |       |       |       |     1 ||     2
       Bend Space        |       |       |     2 |     4 |     1 |       ||     7
       Banish            |       |       |       |     5 |       |     2 ||     7
       Corrupt           |       |       |       |     1 |       |       ||     1
       Brand Weapon With |       |       |       |       |     1 |       ||     1
Evoke: Wand              |       |     2 |     6 |    17 |     7 |     6 ||    38
       Box of beasts     |       |       |       |       |       |     2 ||     2
  Use: Scroll            |       |     7 |     5 |     9 |    19 |     4 ||    44
       Potion            |       |       |     7 |     1 |     7 |     6 ||    21
 Stab: Sleeping          |     4 |     5 |     2 |     2 |     2 |     1 ||    16
       Distracted        |       |       |     3 |       |     2 |       ||     5
       Paralysed         |       |       |     6 |     8 |       |       ||    14
Armor: Leather armour    |    10 |    10 |    51 |    49 |       |       ||   120
       Steam dragon scal |       |       |       |     1 |    78 |    28 ||   107
Dodge: Dodged            |    29 |    46 |   162 |   206 |   309 |   169 ||   921
Block: Kite shield       |       |    43 |   139 |   231 |   351 |   158 ||   922
       Reflection        |       |       |       |     2 |     2 |       ||     4

Levels and vault maps discovered:
D:1:      sevenhm_arrival_forest_fort_large_4, layout_rooms,
          shapermc_ecumenical_altar_acropolis, minmay_split_cup_small
D:2:      layout_basic
D:3:      layout_rooms, evilmike_ruin_ashenzari, serial_shops,
          nicolae_shop_temple_entry_statues_fountains,
          nicolae_shop_behind_doors, shop, nicolae_lakefront_shop,
          nicolae_shop_overgrown_old_shop
D:4:      layout_loops_ring, ebering_ghost_disaster_area
D:5:      layout_basic, mainiacjoe_overflow_concentric_impassable,
          fiery_altar_vehumet, minmay_temple_entry_statues_pillars
D:6:      layout_layer_cave
D:7:      layout_rooms, lightli_church_of_beogh
D:8:      layout_basic
D:9:      layout_loops_ring, gammafunk_temple_overflow_statue,
          amethyst_overflow_temple_binary, david_lair_shrubbed,
          grunt_decor_arrowhead, uniq_erolcha, uniq_joseph
D:10:     layout_loops_ring, erik_orc_1
D:11:     layout_loops_cross, serial_shops, nicolae_shop_crystal,
          maelrawn_ghost_gauntlet_escape, nicolae_take_the_stairs,
          elyvilon_altar_1
D:12:     cheibrodos_orc_bank, layout_basic
D:13:     layout_grid_maze, enter_bailey_5, uniq_snorg, uniq_josephine
D:14:     layout_stronghold, david_vaults_3, minmay_misc_feat_rugged
D:15:     grunt_enter_depths_snipers, layout_basic, cheibriados_altar_1,
          portal_ice_cave_entry_ugly_swarm, nicolae_looking_at_the_future
Lair:1:   layout_cave_pods, special_room, uniq_sonja
Lair:2:   layout_roguey, infiniplex_staircase_pool
Lair:3:   layout_regular_city, enter_volcano_2, chequers_serial_rivers_room_b,
          pf_torpor_hydra, uniq_nergalle
Lair:4:   layout_regular_city, minmay_shoals_entry_lonely_mermaid,
          minmay_snake_entry_guardpost_small, nicolae_quartered_pool_little
Lair:5:   layout_loops_ring, minmay_lair_drake_nest, grunt_megastairs_4
Lair:6:   due_jungle_book, layout_loops_ring, slime_altar_1, uniq_nessos
IceCv:    ice_cave_small_giant

Notes
Turn   | Place    | Note
-------+----------+-------------------------------------------
     0 | Abyss:1  | spiderkeys the Tengu Abyssal Knight began the quest for the
                  | Orb.
     0 | Abyss:1  | Reached XP level 1. HP: 14/14 MP: 3/3
     0 | Abyss:1  | magus.rc [v1.9.10]
    72 | Abyss:2  | Noticed a raiju
    73 | Abyss:2  | Identified a scroll of acquirement
    73 | D:1      | You pass through the gate.
    73 | D:1      | Escaped the Abyss
   192 | D:1      | Reached * piety under Lugonu
   270 | D:1      | You pick up a book of Spatial Translocations and begin
                  | reading...
   270 | D:1      | You add the spells Blink, Lesser Beckoning and Manifold
                  | Assault to your library.
   308 | D:1      | Reached XP level 2. HP: 14/19 MP: 4/4
   420 | D:1      | Found a faded altar of an unknown god.
   802 | D:1      | Reached skill level 2 in Invocations
   845 | D:1      | You fall into a shaft and drop 1 floor!
   855 | D:2      | Reached XP level 3. HP: 23/23 MP: 5/5
  1127 | D:2      | Reached skill level 2 in Dodging
  1840 | D:3      | Reached ** piety under Lugonu
  1908 | D:3      | Found Hext's Magic Scroll Boutique.
  1948 | D:3      | Found a broken altar of Ashenzari.
  1978 | D:3      | Found Muedgh's Antique Armour Shoppe.
  1988 | D:3      | Reached skill level 3 in Polearms
  2017 | D:3      | Reached XP level 4. HP: 28/28 MP: 6/6
  2104 | D:3      | Found Ferr's Armour Boutique.
  2248 | D:3      | Found Reozu's Armour Shop.
  2331 | D:3      | Found Teshurgh's Assorted Antiques.
  2367 | D:3      | Acquired 906 gold pieces
  2413 | D:3      | Bought a steaming robe for 176 gold pieces
  2413 | D:3      | Identified the +1 robe of Evolution {rN+} (You bought it in
                  | a shop on level 3 of the Dungeon)
  2413 | D:3      | Bought a shiny kite shield for 232 gold pieces
  2440 | D:3      | Bought a scroll labelled IRY OGHIT CIOXUCW for 22 gold
                  | pieces
  2440 | D:3      | Bought a scroll labelled OMAACE CAEMYWN for 22 gold pieces
  2440 | D:3      | Bought a glowing cloak for 165 gold pieces
  2505 | D:3      | Bought the +0 kite shield of Repulsion {SInv} for 219 gold
                  | pieces
  2620 | D:4      | HP: 3/28 [gnoll (14)]
  3466 | D:3      | Gained mutation: Your magical nature lets you fly swiftly
                  | and evasively. [Tengu growth]
  3466 | D:3      | Reached XP level 5. HP: 22/33 MP: 7/7
  3824 | D:4      | Reached skill level 1 in Shields
  4253 | D:4      | Found a large runed translucent door.
  4253 | D:4      | Found a large runed translucent door.
  4456 | D:4      | Noticed AttackTheMoon's ghost (novice FoFi)
  4653 | D:5      | Entered Level 5 of the Dungeon
  4746 | D:5      | Reached skill level 4 in Fighting
  4746 | D:5      | Reached skill level 3 in Dodging
  4978 | D:5      | Reached XP level 6. HP: 38/38 MP: 9/9
  5046 | D:5      | Reached skill level 3 in Invocations
  5230 | D:5      | Reached skill level 4 in Polearms
  5230 | D:5      | Reached skill level 2 in Shields
  5445 | D:5      | Reached XP level 7. HP: 40/44 MP: 10/10
  5499 | D:5      | Found a stormy altar of Qazlal.
  5751 | D:5      | Found a radiant altar of Vehumet.
  6169 | D:5      | Reached skill level 4 in Dodging
  6288 | D:5      | Found a staircase to the Ecumenical Temple.
  7156 | D:6      | Reached skill level 3 in Shields
  7363 | D:6      | Reached skill level 5 in Fighting
  7363 | D:6      | Reached XP level 8. HP: 27/49 MP: 11/11
  7365 | D:6      | HP: 11/49 [orc (5)]
  7594 | D:6      | You pick up a book of Geomancy and begin reading...
  7594 | D:6      | You add the spells Sandblast, Passwall and Stone Arrow to
                  | your library.
  7601 | D:6      | Reached skill level 5 in Polearms
  7606 | D:6      | Reached skill level 4 in Invocations
  7859 | D:6      | You pick up a book of Dreams and begin reading...
  7859 | D:6      | You add the spells Ensorcelled Hibernation and Spider Form
                  | to your library.
  8539 | D:6      | HP: 10/49 [killer bee (6)]
  8539 | D:6      | HP: 4/49 [killer bee (6)]
  8552 | D:6      | Reached skill level 5 in Dodging
  8898 | D:7      | Reached *** piety under Lugonu
  8909 | D:7      | Reached skill level 4 in Shields
  9000 | D:7      | Found a runed translucent door.
  9175 | D:7      | Reached skill level 6 in Polearms
  9175 | D:7      | Reached XP level 9. HP: 42/55 MP: 13/13
  9384 | D:7      | Reached skill level 6 in Fighting
  9385 | D:7      | Reached skill level 5 in Invocations
  9540 | D:7      | Reached skill level 6 in Dodging
  9562 | D:7      | Reached skill level 5 in Shields
  9920 | D:3      | Bought a scroll of brand weapon for 240 gold pieces
 10297 | D:7      | Reached **** piety under Lugonu
 10647 | D:8      | Reached skill level 7 in Polearms
 10663 | D:8      | Reached skill level 7 in Fighting
 10663 | D:8      | Reached XP level 10. HP: 57/63 MP: 15/15
 10741 | D:8      | Reached skill level 7 in Dodging
 10845 | D:8      | You pick up a book of Changes and begin reading...
 10845 | D:8      | You add the spells Beastly Appendage and Wereblood to your
                  | library.
 10929 | D:8      | Reached skill level 6 in Invocations
 11225 | D:9      | You pick up a book of the Dragon and begin reading...
 11225 | D:9      | You add the spells Cause Fear, Dragon Form and Dragon's
                  | Call to your library.
 11227 | D:9      | Found a staircase to the Lair.
 11425 | D:9      | Noticed a two-headed ogre
 11426 | D:9      | Identified a +0 robe of the Archmagi
 11433 | D:9      | Reached skill level 6 in Shields
 11515 | D:8      | Killed a two-headed ogre
 11648 | D:9      | Reached skill level 8 in Polearms
 11894 | D:9      | Noticed Joseph
 11895 | D:9      | Banished Joseph
 11958 | D:9      | You add the spells Ignite Poison, Mephitic Cloud and
                  | Freezing Cloud to your library.
 12085 | D:9      | Found a shimmering altar of Xom.
 12085 | D:9      | Found an ancient bone altar of Kikubaaqudgha.
 12164 | D:9      | Noticed Erolcha
 12183 | D:9      | Killed Erolcha
 12184 | D:9      | Reached skill level 8 in Dodging
 12412 | D:9      | Reached skill level 8 in Fighting
 12582 | D:9      | Found a blossoming altar of Fedhas.
 12591 | D:9      | Found a hazy altar of Hepliaklqana.
 12636 | Lair:1   | Entered Level 1 of the Lair of Beasts
 12645 | Lair:1   | Identified the +5 whip "Fisu" {freeze, Will+ rCorr}
 12649 | Lair:1   | Noticed Sonja
 12654 | Lair:1   | Killed Sonja
 12655 | Lair:1   | Reached skill level 7 in Shields
 12655 | Lair:1   | Reached skill level 7 in Invocations
 12655 | Lair:1   | Reached XP level 11. HP: 68/68 MP: 17/17
 13268 | Lair:1   | Reached skill level 9 in Polearms
 14643 | Lair:2   | Reached skill level 9 in Dodging
 14931 | Lair:2   | Noticed a six-headed hydra
 14943 | Lair:2   | Killed a six-headed hydra
 14944 | Lair:2   | Reached skill level 9 in Fighting
 14944 | Lair:2   | Reached skill level 8 in Shields
 15151 | Lair:2   | HP: 13/71 [komodo dragon (30)]
 15841 | Lair:3   | Reached skill level 8 in Invocations
 15849 | Lair:3   | Reached XP level 12. HP: 38/76 MP: 19/19
 15867 | Lair:3   | Noticed a death yak
 15867 | Lair:3   | Noticed a death yak
 15868 | Lair:3   | Noticed a death yak
 15868 | Lair:3   | Noticed a death yak
 15878 | Lair:3   | Found a dark tunnel.
 15884 | Volcano  | Entered a volcano
 16040 | Volcano  | Corrupted Volcano
 16040 | Volcano  | Noticed a thrashing horror
 16040 | Volcano  | Noticed a blizzard demon
 16042 | Volcano  | Noticed a thrashing horror
 16048 | Volcano  | Noticed a thrashing horror
 16049 | Volcano  | Noticed a tentacled starspawn
 16050 | Volcano  | Killed a centaur warrior
 16091 | Volcano  | Noticed a tentacled starspawn
 16520 | Lair:3   | Noticed Nergalle
 16521 | Lair:3   | Banished Nergalle
 16570 | Lair:3   | Noticed a boulder beetle
 16579 | Lair:3   | Banished a boulder beetle
 16730 | Lair:3   | Reached skill level 10 in Polearms
 16759 | Lair:3   | Killed a death yak
 16768 | Lair:3   | Killed a death yak
 16791 | Lair:3   | Killed a death yak
 16833 | Lair:3   | Killed a death yak
 16834 | Lair:3   | Reached skill level 10 in Dodging
 17371 | Lair:3   | Found a runed translucent door.
 17373 | Lair:3   | Noticed an eight-headed hydra
 17546 | Lair:3   | Killed an eight-headed hydra
 17774 | Lair:4   | You add the spells Conjure Flame and Sticky Flame to your
                  | library.
 17793 | Lair:4   | Reached skill level 9 in Shields
 17805 | Lair:4   | Found a staircase to the Snake Pit.
 18288 | Lair:4   | Reached skill level 10 in Fighting
 18628 | Lair:4   | Found a staircase to the Shoals.
 19102 | Lair:5   | Reached skill level 9 in Invocations
 19181 | Lair:5   | Noticed a death yak
 19181 | Lair:5   | Noticed a death yak
 19184 | Lair:5   | Noticed a death yak
 19189 | Lair:5   | Noticed a death yak
 19190 | Lair:5   | Killed a death yak
 19253 | Lair:4   | Killed a death yak
 19254 | Lair:4   | Reached XP level 13. HP: 39/82 MP: 20/20
 19312 | Lair:4   | Reached skill level 11 in Polearms
 19789 | Lair:5   | You pick up a book of Transfigurations and begin reading...
 19789 | Lair:5   | You add the spells Irradiate and Blade Hands to your
                  | library.
 19823 | Lair:5   | Reached skill level 11 in Dodging
 20407 | Lair:6   | Entered Level 6 of the Lair of Beasts
 20410 | Lair:6   | Found a viscous altar of Jiyva.
 20415 | Lair:6   | Reached skill level 10 in Shields
 20415 | Lair:6   | Found a staircase to the Slime Pits.
 20420 | Lair:6   | Noticed Nessos
 20429 | Lair:6   | Killed Nessos
 20435 | Lair:6   | HP: 19/83 [black mamba (14)]
 20445 | Lair:6   | HP: 1/83 [rime drake/flash freeze (26)]
 21159 | Lair:6   | Reached skill level 11 in Fighting
 21407 | Lair:6   | Identified a potion of experience
 21408 | Lair:6   | Reached skill level 8 in Air Magic
 21408 | Lair:6   | Reached XP level 14. HP: 90/90 MP: 22/22
 21478 | Lair:6   | Reached skill level 10 in Invocations
 21559 | Lair:6   | Reached skill level 12 in Polearms
 21687 | Lair:6   | Noticed a dire elephant
 21687 | Lair:6   | Noticed a dire elephant
 21687 | Lair:6   | Noticed a dire elephant
 21688 | Lair:6   | Noticed a dire elephant
 21689 | Lair:6   | Reached ***** piety under Lugonu
 21754 | Lair:6   | Noticed a dire elephant
 21785 | Lair:6   | Killed a dire elephant
 21794 | Lair:6   | Reached XP level 15. HP: 59/95 MP: 23/23
 21953 | Lair:6   | Reached skill level 12 in Dodging
 22216 | Lair:5   | Reached skill level 11 in Shields
 22885 | D:10     | Entered Level 10 of the Dungeon
 23533 | D:10     | Found a staircase to the Orcish Mines.
 23772 | D:11     | Found a runed translucent gate.
 23812 | D:11     | Found a runed translucent gate.
 23812 | D:11     | Found a runed translucent gate.
 23813 | D:11     | Noticed y3s's ghost (journeyman MiBe)
 23918 | D:11     | Found Iffigod's Distillery.
 23953 | D:11     | Reached ****** piety under Lugonu
 23954 | D:11     | Identified a +7 demon trident of distortion (a +5 demon
                  | trident of flaming corrupted by Lugonu)
 23954 | D:11     | Received a gift from Lugonu
 24138 | D:11     | Found a white marble altar of Elyvilon.
 24321 | D:11     | Found Vivi's Weapon Shop.
 24530 | D:11     | Killed y3s's ghost
 24531 | D:11     | Reached skill level 12 in Fighting
 24857 | D:12     | Reached skill level 13 in Polearms
 25131 | D:12     | Reached skill level 11 in Invocations
 25923 | D:13     | Found a flagged portal.
 25937 | Bailey   | Entered a bailey
 25942 | Bailey   | Noticed an orc warlord
 26033 | Bailey   | Found a runed translucent gate.
 26036 | Bailey   | Found a runed translucent gate.
 26038 | Bailey   | Found a runed translucent gate.
 26206 | Bailey   | Killed an orc warlord
 26239 | Bailey   | Reached skill level 5 in Spellcasting
 26239 | Bailey   | Reached XP level 16. HP: 101/101 MP: 25/25
 26244 | Bailey   | Learned a level 3 spell: Mephitic Cloud
 26244 | Bailey   | Reached skill level 7 in Conjurations
 26244 | Bailey   | Reached XP level 17. HP: 106/106 MP: 26/26
 26251 | Bailey   | Learned a level 5 spell: Irradiate
 26279 | D:13     | Reached skill level 13 in Dodging
 26351 | D:13     | Noticed Josephine
 26364 | D:13     | Killed Josephine
 27147 | D:13     | Noticed Snorg
 27157 | D:13     | Killed Snorg
 27351 | D:14     | Noticed Rupert
 27351 | D:14     | Noticed Urug
 27351 | D:14     | Found a gate to the Vaults.
 27368 | D:13     | Reached skill level 12 in Shields
 27374 | D:13     | Reached XP level 18. HP: 112/112 MP: 27/27
 27730 | D:14     | Banished Rupert
 27740 | D:14     | Killed Urug
 28618 | D:15     | Entered Level 15 of the Dungeon
 28620 | D:15     | Found a snail-covered altar of Cheibriados.
 28658 | D:15     | Found a frozen archway.
 28660 | D:15     | You are cast into the Abyss!
 28660 | D:15     | Cast into level 2 of the Abyss (a wizard)
 28661 | D:15     | You pass through the gate.
 28661 | D:15     | Escaped the Abyss
 28674 | IceCv    | Entered an ice cave
 28801 | IceCv    | Reached skill level 13 in Fighting
 28865 | IceCv    | HP: 15/114 [ironbound frostheart/creeping frost (46)]
 28878 | IceCv    | Killed from afar by an ice dragon

Vanquished Creatures
  An orc warlord (Bailey)
  5 dire elephants
  Nessos (Lair:6)
  Josephine (D:13)
  The ghost of y3s the Severer, a journeyman MiBe of Trog (D:11)
  Erolcha (D:9)
  3 ice dragons (IceCv)
  2 boulder beetles
  3 hydras
  2 ironbound frosthearts (IceCv)
  3 centaur warriors
  2 two-headed ogres
  11 death yaks
  Urug (D:14)
  A tengu warrior (D:14)
  Sonja (Lair:1)
  A spectral anaconda (Lair:6)
  An orange crystal statue (IceCv)
  A lindwurm (shapeshifter) (D:13)
  2 orc knights
  2 deep elf pyromancers (D:14)
  A wizard (D:15)
  4 necromancers (Lair:6)
  A cyclops (D:12)
  A manticore (D:14)
  4 ugly things
  23 elephants
  A merfolk siren (Lair:4)
  8 black mambas
  13 cane toads
  A gargoyle (D:11)
  2 torpor snails
  9 rime drakes
  A dire elephant skeleton (Lair:6)
  2 tengu conjurers (D:14)
  3 freezing wraiths
  A kobold demonologist (D:12)
  8 komodo dragons
  3 trolls (D:12)
  A meliai (shapeshifter) (D:13)
  9 polar bears
  7 slime creatures
  A wolf spider simulacrum (D:14)
  4 blink frogs (Lair:3)
  A spectral elephant (Lair:6)
  53 yaks
  2 water elementals (D:12)
  A shadow (D:11)
  A centaur simulacrum (D:14)
  2 vampires
  A wyvern (D:10)
  7 wraiths
  6 basilisks
  16 humans (D:13)
  7 vampire mosquitoes
  3 death yak simulacra (Lair:6)
  A steam dragon (Lair:4)
  2 spectral cane toads (Lair:6)
  2 acid dragons
  3 nagas (Lair:4)
  A swamp drake (D:10)
  15 water moccasins
  3 black bears
  A necrophage (D:6)
  10 orc warriors
  4 ogres
  3 wolves (Lair:2)
  11 centaurs
  An elephant skeleton (Lair:6)
  7 bullfrogs
  2 kobold brigands
  2 gnoll sergeants
  A scorpion (D:6)
  A cane toad simulacrum (Lair:6)
  A water moccasin zombie (D:5)
  13 killer bees
  2 elephant simulacra (Lair:6)
  9 wights
  3 electric eels
  4 howler monkeys
  3 centaur zombies
  A bullfrog zombie (D:6)
  3 jellies
  2 hounds
  9 orc priests
  A bullfrog skeleton (D:5)
  3 iguanas
  15 orc wizards
  A killer bee zombie (D:6)
  A hound zombie (D:5)
  12 gnolls
  A howler monkey zombie (D:7)
  4 adders
  An ufetubus (D:4)
  A worm (D:3)
  2 dart slugs
  69 orcs
  9 endoplasms
  6 giant cockroaches
  14 hobgoblins
  7 jackals
  A quokka (D:4)
  3 ball pythons
  4 bats
  5 frilled lizards
  14 goblins
  31 kobolds
  4 rats
583 creatures vanquished.

Vanquished Creatures (others)
  Snorg (D:13)
  A centaur warrior (Volcano)
  3 yaktaurs (Volcano)
  6 centaurs (Volcano)
  An orc wizard (D:7)
  35 fungi
  49 plants
  A starspawn tentacle (Volcano)
  17 withered plants (Lair:6)
114 creatures vanquished.

Grand Total: 697 creatures vanquished

Table legend:
 A = Non-vault XP
 B = Vault XP
 C = Vault XP percentage of total XP
 D = Non-vault monster count
 E = Vault monster count
 F = Vault count percentage of total count
                 A         B        C        D         E       F
            +---------+---------+-------+---------+---------+-------
      Total |   73388 |   55096 |  42.9 |     399 |     204 |  33.8
            +---------+---------+-------+---------+---------+-------
        D:1 |      28 |       3 |   9.7 |      18 |       3 |  14.3
        D:2 |      35 |       0 |   0.0 |      15 |       0 |   0.0
        D:3 |      72 |       0 |   0.0 |      16 |       0 |   0.0
        D:4 |     114 |       0 |   0.0 |      19 |       0 |   0.0
        D:5 |     728 |       0 |   0.0 |      15 |       0 |   0.0
        D:6 |     837 |       0 |   0.0 |      16 |       0 |   0.0
        D:7 |    1525 |     438 |  22.3 |      28 |      23 |  45.1
        D:8 |    2138 |       0 |   0.0 |      18 |       0 |   0.0
        D:9 |    1502 |    1695 |  53.0 |      18 |       3 |  14.3
       D:10 |    3109 |     602 |  16.2 |      23 |      17 |  42.5
       D:11 |    3006 |    2209 |  42.4 |      17 |       5 |  22.7
       D:12 |    6721 |     947 |  12.4 |      41 |      21 |  33.9
       D:13 |    8836 |    6553 |  42.6 |      24 |      29 |  54.7
       D:14 |    7003 |    2564 |  26.8 |      17 |       2 |  10.5
       D:15 |    2034 |     562 |  21.6 |       5 |       1 |  16.7
     Lair:1 |    4071 |     778 |  16.0 |      15 |       1 |   6.2
     Lair:2 |    3332 |       0 |   0.0 |      13 |       0 |   0.0
     Lair:3 |    6155 |    2023 |  24.7 |      14 |       3 |  17.6
     Lair:4 |    3500 |    2575 |  42.4 |      14 |       6 |  30.0
     Lair:5 |    5098 |    6240 |  55.0 |      15 |      12 |  44.4
     Lair:6 |   13544 |   14801 |  52.2 |      38 |      31 |  44.9
     Bailey |       0 |    2170 | 100.0 |       0 |      27 | 100.0
      IceCv |       0 |   10936 | 100.0 |       0 |      20 | 100.0
            +---------+---------+-------+---------+---------+-------

Illustrated notes

Table legend:
 A = Kills in this place as a percentage of kills in entire the game.
 B = Kills by you in this place as a percentage of kills by you in the entire game.
 C = Kills by friends in this place as a percentage of kills by friends in the entire game.
 D = Other kills in this place as a percentage of other kills in the entire game.
 E = Experience gained in this place as a percentage of experience gained in the entire game.
 F = Experience gained in this place divided by the number of levels of this place that you have seen.
                   A       B       C       D       E      F
               +-------+-------+-------+-------+-------+----------------------
         Total | 100.0 | 100.0 |   N/A | 100.0 | 100.0 | 4758.7
       Dungeon |  65.3 |  65.2 |   N/A |  70.0 |  41.5 | 3550.7
          Lair |  26.9 |  27.3 |   N/A |  15.0 |  48.3 | 10352.8
        Bailey |   4.5 |   4.6 |   N/A |   0.0 |   1.7 | 2170.0
      Ice Cave |   3.3 |   2.9 |   N/A |  15.0 |   8.5 | 10936.0
               +-------+-------+-------+-------+-------+----------------------

Table legend: (Time is in decaauts)
 A = Elapsed time spent in this place.
 B = Non-inter-level travel time spent in this place.
 C = Inter-level travel time spent in this place.
 D = Time resting spent in this place.
 E = Time spent auto-exploring this place.
 F = Levels seen in this place.
 G = Mean time per level.
                   A        B        C        D        E       F      G
               +--------+--------+--------+--------+--------+-----+--------+
         Total |  27197 |  26116 |   1081 |   3953 |  17361 |  27 | 1007.3 |
       Dungeon |  17084 |  16253 |    831 |   2614 |  10952 |  15 | 1138.9 |
          Lair |   9117 |   8867 |    250 |   1077 |   6151 |   6 | 1519.5 |
         Abyss |     72 |     72 |      0 |      0 |      9 |   3 |   24.0 |
        Bailey |    286 |    286 |      0 |      0 |    170 |   1 |  286.0 |
      Ice Cave |    155 |    155 |      0 |     24 |     34 |   1 |  155.0 |
       Volcano |    481 |    481 |      0 |    237 |     44 |   1 |  481.0 |
               +--------+--------+--------+--------+--------+-----+--------+

Top non-repeatable levels by time:
     D:5: 2158 daAuts
     D:6: 1821 daAuts
  Lair:1: 1748 daAuts
     D:3: 1722 daAuts
  Lair:4: 1690 daAuts
  Lair:6: 1647 daAuts
     D:4: 1419 daAuts
  Lair:5: 1403 daAuts
    D:13: 1366 daAuts
     D:9: 1337 daAuts
  Lair:2: 1323 daAuts
  Lair:3: 1303 daAuts
     D:7: 1214 daAuts
    D:12: 1114 daAuts
     D:1: 965 daAuts
